 Dungeon Crawl Stone Soup version 0.30-a0-415-g685d318daa (webtiles) character file.

Game seed: 16094694663707434474

35 Bnni the Trooper (level 3, 29/29 HPs)
             Began as a Demonspawn Fighter on Dec 8, 2022.
             Was a Follower of Cheibriados.
             Quit the game on level 1 of the Dungeon.
             The game lasted 00:02:24 (951 turns).

Bnni the Trooper (Demonspawn Fighter)                Turns: 951, Time: 00:02:24

Health: 29/29      AC:  7    Str: 20    XL:     3   Next: 17%
Magic:  3/3        EV:  9    Int: 11    God:    Cheibriados [*.....]
Gold:   86         SH:  5    Dex: 14    Spells: 2/2 levels left

rFire   . . .      SeeInvis .    a - +0 trident
rCold   . . .      Faith    .    c - +0 buckler
rNeg    . . .      Spirit   .    b - +0 scale mail
rPois   .          Reflect  .    h - +0 helmet
rElec   .          Harm     .    (no cloak)
rCorr   .          Rampage  .    (no gloves)
Will    .....                    (no boots)
Stlth   ..........               (no amulet)
HPRegen 0.24/turn                (no ring)
MPRegen 0.08/turn                (no ring)

@: very slow
A: powered by pain 2
a: Renounce Religion, Bend Time


You were on level 1 of the Dungeon.
You worshipped Cheibriados.
Cheibriados was aware of your devotion.
You visited 1 branch of the dungeon, and saw 1 of its levels.

You collected 86 gold pieces.

Inventory:

Hand Weapons
 a - a +0 trident (weapon)
Missiles
 l - a throwing net (quivered)
Armour
 b - a +0 scale mail (worn)
 c - a +0 buckler (worn)
 h - a +0 helmet (worn)
Scrolls
 e - 2 scrolls of amnesia {unknown}
 f - a scroll of noise {unknown}
 j - a scroll of fog {unknown}
 k - 2 scrolls of teleportation {unknown}
 m - a scroll of identify {unknown}
Potions
 d - a potion of might
 g - a potion of mutation {unknown}
 i - 3 potions of curing {unknown}


   Skills:
 + Level 3.3 Fighting
 * Level 2.5 Polearms
 - Level 2.6 Armour
 * Level 3.2 Shields


You had 2 spell levels left.
You didn't know any spells.
Your spell library was empty.

Dungeon Overview and Level Annotations

Branches:
Dungeon (1/15)

Altars:
Cheibriados


Innate Abilities, Weirdness & Mutations

You sometimes gain power by taking damage.


Message History

You reach to attack!
You closely miss the hobgoblin.
The hobgoblin hits you but does no damage.
You puncture the hobgoblin!
You kill the hobgoblin!
The ball python closely misses you. You block the ball python's attack.
You hit the ball python.
The ball python is severely wounded.
The ball python bites you but does no damage.
The ball python closely misses you.
You hit the ball python.
You kill the ball python!
No target in view!
k - 2 scrolls labelled FEJYUP XOZOCASH (gained 1)
You now have 86 gold pieces (gained 12).
You see here a ball python skeleton.
You see here a +0 club.
You see here a +0 club.
You see here a ball python skeleton.
m - a scroll labelled XONGET JUDGHE You open the door.
Found a faded altar of an unknown god.
There is an open door here.
Partly explored, can't reach some places.
You puncture the demonic plant!
The demonic plant begins to die.
The demonic plant is lightly damaged.
You hit the demonic plant but do no damage.
The demonic plant is lightly damaged.
You hit the demonic plant.
The demonic plant is lightly damaged.
A nearby demonic plant withers and dies.
There is a faded altar of an unknown god here.
This altar belongs to (a) Okawaru, (b) Cheibriados or (c) Vehumet, but you can't tell which.
Press the corresponding letter to learn more about a god, or press enter to convert or escape to cancel.
Cheibriados accepts your prayer! Cheibriados welcomes you!
Cheibriados begins to support your attributes as your movement slows.
Cheibriados is now slowing the effects of poison on you.
You can now bend time to slow others.
Cheibriados raises the support of your attributes as your movement slows.
Okay, then.
Are you sure you want to abandon this character and quit the game? (Confirm with "yes".) ###### #### ### #...P## PPPP# #.. ###..P..###P.PPP########.# #.'......@PPP.PP+..^.....# #.#.....###.PPPP########## #.#..P.## P.PP#

#.###### ##### ##
#..#############.########.
##....................##.#
##########.####.####.#.##
#.# #.# #..## #.# #.# #.##


There were no monsters in sight!

Vanquished Creatures
  A dart slug (D:1)
  6 ball pythons (D:1)
  3 bats (D:1)
  2 endoplasms (D:1)
  A giant cockroach (D:1)
  4 goblins (D:1)
  3 hobgoblins (D:1)
  A quokka (D:1)
  A frilled lizard (D:1)
  A kobold (D:1)
  9 rats (D:1)
32 creatures vanquished.

Vanquished Creatures (others)
  A demonic plant (D:1)
1 creature vanquished.

Grand Total: 33 creatures vanquished

Notes
Turn   | Place    | Note
-------+----------+-------------------------------------------
     0 | D:1      | Bnni the Demonspawn Fighter began the quest for the Orb.
     0 | D:1      | Reached XP level 1. HP: 18/18 MP: 1/1
   118 | D:1      | Gained mutation: You sometimes gain a little power by
                  | taking damage. [demonic ancestry]
   118 | D:1      | Reached XP level 2. HP: 23/24 MP: 2/2
   513 | D:1      | Gained mutation: You sometimes gain power by taking damage.
                  | [demonic ancestry]
   513 | D:1      | Reached XP level 3. HP: 29/29 MP: 3/3
   937 | D:1      | Found a faded altar of an unknown god.
   950 | D:1      | Prayed at the altar of an unknown god.
   950 | D:1      | Became a worshipper of Cheibriados the Contemplative
   950 | D:1      | Reached * piety under Cheibriados
   951 | D:1      | Quit the game

Illustrated notes

Levels and vault maps discovered:
D:1:      dpeg_arrival_ratfight, layout_loops_ring,
          shapermc_ecumenical_altar_flowoftime, kennysheep_small_spiral

Skill      XL: |  1  2 |
---------------+-------+-----
Polearms       | 2 |  2.5
Shields        | 3 |  3.2
Fighting       | |  3.3
Armour         | |  2.6

Action                   || total
-------------------------++-------
Melee: Trident           ||    89
Armor: Scale mail        ||    34
Dodge: Dodged            ||    28
Block: Buckler           ||    12

Table legend: (Time is in decaauts)
 A = Elapsed time spent in this place.
 B = Non-inter-level travel time spent in this place.
 C = Inter-level travel time spent in this place.
 D = Time resting spent in this place.
 E = Time spent auto-exploring this place.
 F = Levels seen in this place.
 G = Mean time per level.
                   A        B        C        D        E       F      G
               +--------+--------+--------+--------+--------+-----+--------+
         Total |    972 |    947 |     25 |      0 |    761 |   1 |  972.0 |
       Dungeon |    972 |    947 |     25 |      0 |    761 |   1 |  972.0 |
               +--------+--------+--------+--------+--------+-----+--------+

Top non-repeatable levels by time:
     D:1: 972 daAuts
